 Dungeon Crawl Stone Soup version 0.28.0-45-g0d030f2227 (webtiles) character file.

Game seed: 13247825948700372855

42 Descartes the Grasshopper (level 3, -2/18 HPs)
             Began as a Spriggan Warper on Apr 1, 2022.
             Slain by an iguana (5 damage)
             ... on level 2 of the Dungeon.
             The game lasted 00:03:10 (3300 turns).

Descartes the Grasshopper (Spriggan Warper)         Turns: 3300, Time: 00:03:10

Health: -2/18      AC:  2    Str:  9    XL:     3   Next: 35%
Magic:  8/8        EV: 18    Int: 14    God:
Gold:   54         SH:  0    Dex: 14    Spells: 8/8 levels left

rFire   . . .      SeeInvis +   a - +0 short sword
rCold   . . .      Faith    .   (no shield)
rNeg    . . .      Spirit   .   b - +0 robe
rPois   .          Reflect  .   (helmet restricted)
rElec   .          Harm     .   (no cloak)
rCorr   +          Rampage  .   (gloves unavailable)
Will    .....                   (boots unavailable)
Stlth   ++........              (no amulet)
HPRegen 0.06/turn               p - ring of resist corrosion
MPRegen 0.11/turn               (no ring)

@: very quick
A: very small, no large weapons, unfitting armour, see invisible, speed 3
a: no special abilities


You were on level 2 of the Dungeon.
You visited 1 branch of the dungeon, and saw 2 of its levels.

You collected 54 gold pieces.

Inventory:

Hand Weapons
 a - a +0 short sword (weapon)
Missiles
 d - 5 boomerangs of dispersal (quivered)
 i - 15 sling bullets
 j - 29 arrows
 k - 87 stones
 n - 5 poisoned darts
Armour
 b - a +0 robe (worn)
Magical Staves
 l - a staff of conjuration
Jewellery
 p - a ring of resist corrosion (left hand)
Scrolls
 c - 2 scrolls of blinking
 g - 2 scrolls of identify {unknown}
 m - a scroll of fear {unknown}
Potions
 e - 3 potions of curing {unknown}
 f - a potion of lignification {unknown}
 h - a potion of brilliance {unknown}
 o - a potion of ambrosia {unknown}


   Skills:
 - Level 1.5 Fighting
 + Level 2.7 Short Blades
 - Level 1.0 Throwing
 + Level 3.7 Dodging
 + Level 1.9 Stealth
 + Level 3.2 Spellcasting
 + Level 4.8 Translocations


You had 8 spell levels left.
You didn't know any spells.
Your spell library contained the following spells:

 Spells                   Type           Power      Damage    Failure   Level
 Blink                    Tloc           30%        N/A       4%          2
 Gell's Gravitas          Tloc           15%        N/A       9%          3
 Lesser Beckoning         Tloc           15%        N/A       9%          3
 Teleport Other           Tloc           15%        N/A       9%          3
 Corpse Rot               Necr/Air       4%         N/A       32%         2
 Manifold Assault         Tloc           15%        N/A       61%         5
 Dispel Undead            Necr           2%         3d7       91%         4
 Death Channel            Necr           1%         N/A       100%        6


Dungeon Overview and Level Annotations

Branches:
Dungeon (2/15)

Altars:


Innate Abilities, Weirdness & Mutations

You are very small and have problems with some larger weapons.
You are too small for most types of armour.
You have supernaturally acute eyesight. (SInv)
You cover ground extremely quickly. (Speed+++)


Message History

The iguana is heavily wounded.
The iguana closely misses you.
You hit the iguana but do no damage.
The iguana is heavily wounded.
The iguana barely misses you.
You hit the iguana.
The iguana is heavily wounded.
The iguana barely misses you.
You hit the iguana but do no damage.
The iguana is heavily wounded.
You hit the iguana.
The iguana is severely wounded.
The iguana closely misses you.
You hit the iguana but do no damage.
The iguana is severely wounded.
The iguana closely misses you.
You hit the iguana but do no damage.
The iguana is severely wounded.
The iguana bites you.
You closely miss the iguana.
The iguana is severely wounded.
The iguana closely misses you.
You barely miss the iguana.
The iguana is heavily wounded.
The iguana misses you.
You hit the iguana.
The iguana is severely wounded.
The iguana bites you.
An iguana is nearby!
You hit the iguana.
The iguana is almost dead.
The iguana bites you!
* * * LOW HITPOINT WARNING * * *
You completely miss the iguana.
The iguana is almost dead.
The iguana completely misses you.
You hit the iguana but do no damage.
The iguana is almost dead.
The iguana bites you.
You die...

.# ##.#.## ##.#.# .#
##.#.## ##.#.##. .#
##.#g## ##.#.##.# .#
##.#.###g#.##.# .#
##.#.#.#.##.# .#
##.#.#.##.#
#############.#.##.#
...........###
##l#.# ...........#
##@#.#
###############...#
.................##
##############..##
..## ### ....
##.##+## ......
..#...## #......#
##+####.......
#......#
#...........##


You could see an iguana.

Vanquished Creatures
  6 ball pythons
  5 bats
  2 endoplasms
  A giant cockroach (D:2)
  3 goblins
  4 hobgoblins (D:1)
  A jackal (D:2)
  4 kobolds
  4 quokkas
  3 frilled lizards (D:1)
  3 rats
36 creatures vanquished.

Notes
Turn   | Place    | Note
-------+----------+-------------------------------------------
     0 | D:1      | Descartes the Spriggan Warper began the quest for the Orb.
     0 | D:1      | Reached XP level 1. HP: 10/10 MP: 5/5
   266 | D:1      | Reached skill level 1 in Stealth
   266 | D:1      | Reached XP level 2. HP: 3/14 MP: 6/6
  1555 | D:1      | Found a faded altar of an unknown god.
  1838 | D:2      | Reached XP level 3. HP: 12/18 MP: 8/8
  3300 | D:2      | Slain by an iguana

Illustrated notes

Levels and vault maps discovered:
D:1:      co_arrival_random_square_maze, layout_basic,
          dreamdust_ecumenical_altar_hidden_monk_grotto,
          chequers_serial_rivers_room_a, serial_bayou_lagoon_a
D:2:      minmay_inner_zag, layout_basic

Skill      XL: |  1  2 |
---------------+-------+-----
Stealth        | 1 |  1.9
Spellcasting   | 3 |  3.2
Fighting       | |  1.5
Short Blades   | |  2.7
Throwing       | |  1.0
Dodging        | |  3.7
Translocations | |  4.8

Action                   || total
-------------------------++-------
Melee: Short sword       ||   207
       Punch             ||     2
 Stab: Sleeping          ||     7
Armor: Robe              ||    19
Dodge: Dodged            ||   199
